 Dungeon Crawl Stone Soup version 0.22-a0-587-g7d32d7c (webtiles) character file.

46 nikopol the Magician (level 3, -3/19 HPs)
             Began as a Deep Elf Fire Elementalist on July 4, 2018.
             Slain by Natasha (8 damage)
             ... on level 2 of the Dungeon.
             The game lasted 00:04:57 (1499 turns).

nikopol the Magician (Deep Elf Fire Elementalist)   Turns: 1499, Time: 00:04:58

Health: -3/19      AC:  2    Str:  5    XL:     3   Next: 46%
Magic:  7/10       EV: 13    Int: 20    God:
Gold:   72         SH:  0    Dex: 15    Spells: 4/10 levels left

rFire    . . .     SeeInvis .   (no weapon)
rCold    . . .     Gourm    .   (no shield)
rNeg     . . .     Faith    .   a - +0 robe
rPois    .         Spirit   .   (no helmet)
rElec    .         Reflect  .   (no cloak)
rCorr    .         Harm     .   (no gloves)
MR       .....                  (no boots)
Stlth    ++........             (no amulet)
HPRegen  0.06/turn              (no ring)
MPRegen  0.12/turn              (no ring)

@: no status effects
A: no striking features
a: no special abilities


You were on level 2 of the Dungeon.
You were not hungry.

You visited 1 branch of the dungeon, and saw 2 of its levels.

You collected 72 gold pieces.

Inventory:

Armour
 a - a +0 robe (worn)
Jewellery
 d - a cursed ring of loudness {unknown}
Scrolls
 b - 3 scrolls of identify {unknown}
 i - a scroll of fear {unknown}
 j - a scroll of remove curse {unknown}
 k - a scroll of fog {unknown}
 l - a scroll of magic mapping {unknown}
Potions
 e - a potion of ambrosia {unknown}
 g - a potion of haste {unknown}
 h - a potion of berserk rage {unknown}
Comestibles
 c - 6 rations


   Skills:
 + Level 2.7 Dodging
 + Level 2.8 Stealth
 + Level 4.0 Spellcasting
 + Level 1.4 Conjurations
 + Level 3.9 Fire Magic


You had 4 spell levels left.
You knew the following spells:

 Your Spells              Type           Power        Failure   Level  Hunger
a - Flame Tongue          Conj/Fire      ##...        4%          1    None
b - Throw Flame           Conj/Fire      ##....       6%          2    #......
c - Conjure Flame         Conj/Fire      ##......     13%         3    ###....

Your spell library contained the following spells:

 Spells                   Type           Power        Failure   Level  Hunger
 Fireball                 Conj/Fire      ##........   75%         5    ######.
 Sticky Flame             Conj/Fire      ##......     38%         4    ####...
 Inner Flame              Hex/Fire       ##......     17%         3    ###....


Dungeon Overview and Level Annotations

Branches:
Dungeon (2/15)

Altars:
Ashenzari

Annotations:
D:2 Natasha


Message History

Press: ? - help, Shift-Dir - straight line, f/p - Natasha
Aim: Natasha The flame tongue hits Natasha.
Natasha is moderately wounded.
Natasha closely misses you.
Casting: Flame Tongue (safe; 4% risk of failure)
Confirm with . or Enter, or press ? or * to list all spells.
You don't know that spell.
Unknown command.
Natasha claws you. Natasha claws you!
* * * LOW HITPOINT WARNING * * *
Natasha closely misses you.
Casting: Flame Tongue (safe; 4% risk of failure)
Confirm with . or Enter, or press ? or * to list all spells.
Aiming: Flame Tongue (safe; 4% risk of failure)
Press: ? - help, Shift-Dir - straight line, f/p - Natasha
Aim: Natasha (moderately wounded)
The flame tongue misses Natasha.
Natasha claws you!
You die...

.##..........# ######...#
.............### #...#
###............# #...#
.............#.### #####
#####.....##.....#
#..##........#
..###..####....###
#........##....############
##.............†@h........#
......##..#....###......).#
.....####.).....##........#
.##.# #######...........#
.... #####.......# .###
#.......# #.......#
#.......# #########


You could see Natasha.

Vanquished Creatures
  2 worms (D:2)
  2 dart slugs (D:1)
  A leopard gecko (D:2)
  2 bats (D:1)
  A giant cockroach (D:1)
  6 goblins (D:1)
  2 hobgoblins (D:1)
  7 jackals
  3 kobolds (D:1)
  A frilled lizard (D:1)
  7 rats
34 creatures vanquished.

Notes
Turn   | Place    | Note
-------+----------+-------------------------------------------
     0 | D:1      | nikopol the Deep Elf Fire Elementalist began the quest for the Orb.
     0 | D:1      | Reached XP level 1. HP: 10/10 MP: 6/6
   356 | D:1      | Reached XP level 2. HP: 15/15 MP: 6/8
   875 | D:1      | Reached XP level 3. HP: 19/19 MP: 8/10
  1229 | D:2      | Learned a level 2 spell: Throw Flame
  1233 | D:2      | Learned a level 3 spell: Conjure Flame
  1238 | D:2      | Reached skill level 4 in Spellcasting
  1316 | D:2      | Found a shattered altar of Ashenzari.
  1489 | D:2      | Noticed Natasha
  1499 | D:2      | Slain by Natasha

Vault maps used:
D:1:      lemuel_arrival_cross, moated_statue, patterned_corridor
D:2:      ashenzari_altar_1, uniq_natasha

Skill      XL: |  1  2  3 |
---------------+----------+-----
Spellcasting   | 4 |  4.0
Dodging        | |  2.7
Stealth        | |  2.8
Conjurations   | |  1.4
Fire Magic     | |  3.9

Action                   || total
-------------------------++-------
 Cast: Flame Tongue      ||    72
       Throw Flame       ||     2
  Eat: Chunk             ||     2
Armor: Robe              ||     9
Dodge: Dodged            ||    24

Table legend:
 A = Spawn XP
 B = Non-spawn XP
 C = Spawn XP percentage of total XP
 D = Spawn monster count
 E = Non-spawn monster count
 F = Spawn count percentage of total count
 G = Total turns spent on level
                    A         B        C        D         E        F      G
               +---------+---------+-------+---------+---------+-------+---------
         Total |       0 |      67 |   0.0 |       0 |      34 |   0.0 |  1499
               +---------+---------+-------+---------+---------+-------+---------
           D:1 |       0 |      47 |   0.0 |       0 |      27 |   0.0 |  1117
           D:2 |       0 |      20 |   0.0 |       0 |       7 |   0.0 |   382
               +---------+---------+-------+---------+---------+-------+---------
